NCAA
WEST VIRGINIA MOUNTAINEERS @ NOTRE DAME FIGHTING IRISH
05/18/2027
 
TOP OF THE 1ST
West Virginia Mountaineers batting - Pitching for Notre Dame Fighting Irish : RHP Kenny Nolan
Pitching: RHP Kenny Nolan
Batting: RHB Tom Fisher 0-0: Called Strike
0-1: Swinging Strike
0-2: Strikes out swinging
Batting: RHB Greg Smith 0-0: Called Strike
0-1: Swinging Strike
0-2: Strikes out swinging, 2-3 out at first.
Batting: LHB Paco Córdova 0-0: Ball
1-0: Called Strike
1-1: Foul Ball, location: 2F
1-2: Ball
2-2: Foul Ball, location: 2F
2-2: Ball
3-2: Foul Ball, location: 2F
3-2: Strikes out swinging
Top of the 1st over - 0 run(s), 0 hit(s), 0 error(s), 0 left on base; West Virginia 0 - Notre Dame 0
BOTTOM OF THE 1ST
Notre Dame Fighting Irish batting - Pitching for West Virginia Mountaineers : RHP Paul McGowan
Pitching: RHP Paul McGowan
Batting: SHB Carlos Ramírez 0-0: Ball
1-0: Ground out 6-3 (Groundball, 6)
Batting: RHB Jorge Ortíz 0-0: Swinging Strike
0-1: Swinging Strike
0-2: Strikes out looking
Batting: LHB Sam Knight 0-0: Ball
1-0: Called Strike
1-1: Ball
2-1: Ball
3-1: Fly out, F7 (Flyball, 7D)
Bottom of the 1st over - 0 run(s), 0 hit(s), 0 error(s), 0 left on base; West Virginia 0 - Notre Dame 0
TOP OF THE 2ND
West Virginia Mountaineers batting - Pitching for Notre Dame Fighting Irish : RHP Kenny Nolan
Batting: RHB Víctor León 0-0: Ball
1-0: Ground out 2-3 (Groundball, 2L)
Batting: SHB Karl Webster 0-0: Called Strike
0-1: Ground out U3 (Groundball, 34)
Batting: RHB Alfonso Flores 0-0: Fly out, F7 (Flyball, 7)
Top of the 2nd over - 0 run(s), 0 hit(s), 0 error(s), 0 left on base; West Virginia 0 - Notre Dame 0
BOTTOM OF THE 2ND
Notre Dame Fighting Irish batting - Pitching for West Virginia Mountaineers : RHP Paul McGowan
Batting: RHB Fred McPhun 0-0: Ball
1-0: Foul Ball, location: 2F
1-1: Ground out 3-1 (Groundball, 34)
Batting: LHB Matt Moore 0-0: Ball
1-0: SOLO HOME RUN (Flyball, 9LD), Distance : 335 ft
Batting: RHB Allen Miller 0-0: Ball
1-0: Ball
2-0: Ball
3-0: Called Strike
3-1: Fly out, F8 (Flyball, 8LS)
Batting: SHB Andre Keeler 0-0: Foul Ball, location: 2F
0-1: Ball
1-1: Ball
2-1: Foul Ball, location: 2F
2-2: Foul Ball, location: 2F
2-2: Ball
3-2: Strikes out swinging
Bottom of the 2nd over - 1 run(s), 1 hit(s), 0 error(s), 0 left on base; West Virginia 0 - Notre Dame 1
TOP OF THE 3RD
West Virginia Mountaineers batting - Pitching for Notre Dame Fighting Irish : RHP Kenny Nolan
Batting: RHB Dennis Kelly 0-0: Ball
1-0: Foul Ball, location: 2F
1-1: Hit by Pitch
Batting: RHB Ian Howard 0-0: Ball
1-0: Called Strike
1-1: Fly out, F8 (Line Drive, 89M)
Batting: LHB Juan Franco 0-0: Ball
1-0: Ball
2-0: Called Strike
2-1: Ball
3-1: Fly out, F6 (Line Drive, 6)
Batting: RHB Tom Fisher 0-0: Called Strike
0-1: Ball
1-1: Called Strike
1-2: Strikes out swinging
Top of the 3rd over - 0 run(s), 0 hit(s), 0 error(s), 1 left on base; West Virginia 0 - Notre Dame 1
BOTTOM OF THE 3RD
Notre Dame Fighting Irish batting - Pitching for West Virginia Mountaineers : RHP Paul McGowan
Batting: RHB Silas Small 0-0: Foul Ball, location: 2F
0-1: Ball
1-1: Ball
2-1: Ball
3-1: Called Strike
3-2: Strikes out swinging
Batting: RHB Mike Thompson 0-0: Foul Ball, location: 2F
0-1: Ball
1-1: Fly out, F8 (Flyball, 8RS)
Now in CF: Lee Scott
Batting: SHB Carlos Ramírez 0-0: Ball
1-0: SINGLE (Groundball, 3) (infield hit)
Batting: RHB Jorge Ortíz 0-0: Ball
1-0: Fly out, F6 (Line Drive, 6)
Bottom of the 3rd over - 0 run(s), 1 hit(s), 0 error(s), 1 left on base; West Virginia 0 - Notre Dame 1
TOP OF THE 4TH
West Virginia Mountaineers batting - Pitching for Notre Dame Fighting Irish : RHP Kenny Nolan
Batting: RHB Greg Smith 0-0: Called Strike
0-1: Ball
1-1: Called Strike
1-2: Strikes out swinging
Batting: LHB Paco Córdova 0-0: Ground out 5-3 (Groundball, 56)
Batting: RHB Víctor León 0-0: Ball
1-0: Called Strike
1-1: Called Strike
1-2: Ball
2-2: SINGLE (Groundball, 5D)
Batting: SHB Karl Webster 0-0: Called Strike
Víctor León is caught stealing 2nd base
Top of the 4th over - 0 run(s), 1 hit(s), 0 error(s), 0 left on base; West Virginia 0 - Notre Dame 1
BOTTOM OF THE 4TH
Notre Dame Fighting Irish batting - Pitching for West Virginia Mountaineers : RHP Paul McGowan
Batting: LHB Sam Knight 0-0: Ball
1-0: Ball
2-0: Ball
3-0: Called Strike
3-1: Base on Balls
Batting: RHB Fred McPhun 0-0: Called Strike
0-1: Ball
1-1: 2-RUN HOME RUN (Flyball, 7D), Distance : 348 ft
Batting: LHB Matt Moore 0-0: Ball
1-0: Fly out, F7 (Flyball, 7)
Batting: RHB Allen Miller 0-0: Ball
1-0: Foul Ball, location: 2F
1-1: Swinging Strike
1-2: Ball
2-2: Ball
3-2: Base on Balls
Batting: SHB Andre Keeler 0-0: Ball
1-0: Foul Ball, location: 2F
1-1: Ball
2-1: Called Strike
2-2: Strikes out looking
Batting: RHB Silas Small 0-0: Ball
1-0: Ball
2-0: Called Strike
2-1: Called Strike
2-2: SINGLE (Groundball, 6MD)
Allen Miller to second
Batting: RHB Mike Thompson 0-0: Ball
1-0: 3-RUN HOME RUN (Flyball, 78XD), Distance : 387 ft
Batting: SHB Carlos Ramírez 0-0: Reached on error, E5 (Groundball, 56)
Batting: RHB Jorge Ortíz 0-0: Foul Ball, location: 2F
0-1: Called Strike
0-2: Ball
1-2: Strikes out looking
Bottom of the 4th over - 5 run(s), 3 hit(s), 1 error(s), 1 left on base; West Virginia 0 - Notre Dame 6
TOP OF THE 5TH
West Virginia Mountaineers batting - Pitching for Notre Dame Fighting Irish : RHP Kenny Nolan
Batting: SHB Karl Webster 0-0: Ball
1-0: Ball
2-0: SINGLE (Groundball, 6MS) (infield hit)
Batting: RHB Alfonso Flores 0-0: Ball
1-0: Fielders Choice at 2nd, 4-6 (Groundball, 4)
Batting: RHB Dennis Kelly 0-0: Ball
Alfonso Flores steals 2nd base
1-0: Ball
2-0: Swinging Strike
2-1: Foul Ball, location: 2F
2-2: SINGLE (Line Drive, 5)
Alfonso Flores to third
Batting: RHB Ian Howard 0-0: Ball
1-0: Foul Ball, location: 2F
1-1: Foul Ball, location: 2F
1-2: SINGLE (Line Drive, 56D)
Alfonso Flores scores
Dennis Kelly to second
Batting: LHB Juan Franco 0-0: Ball
1-0: Ball
2-0: Ball
3-0: Called Strike
3-1: Called Strike
3-2: Foul Ball, location: 2F
3-2: Foul Ball, location: 2F
3-2: Foul Ball, location: 2F
3-2: Foul Ball, location: 2F
3-2: Foul Ball, location: 2F
3-2: Base on Balls
Dennis Kelly to third
Ian Howard to second
Batting: RHB Lee Scott 0-0: Ball
1-0: Ball
2-0: Fly out, F5 (Popup, 5D)
Batting: RHB Greg Smith 0-0: Called Strike
0-1: Ball
1-1: Called Strike
1-2: Strikes out swinging
Top of the 5th over - 1 run(s), 3 hit(s), 0 error(s), 3 left on base; West Virginia 1 - Notre Dame 6
BOTTOM OF THE 5TH
Notre Dame Fighting Irish batting - Pitching for West Virginia Mountaineers : RHP Paul McGowan
Batting: LHB Sam Knight 0-0: Ball
1-0: Called Strike
1-1: Swinging Strike
1-2: Ball
2-2: Strikes out looking
Batting: RHB Fred McPhun 0-0: Fly out, F9 (Flyball, 9S)
Batting: LHB Matt Moore 0-0: SINGLE (Line Drive, 34D)
Batting: RHB Allen Miller 0-0: Ball
1-0: Foul Ball, location: 2F
1-1: Called Strike
1-2: Ball
2-2: Ground out 6-3 (Groundball, 6)
Bottom of the 5th over - 0 run(s), 1 hit(s), 0 error(s), 1 left on base; West Virginia 1 - Notre Dame 6
TOP OF THE 6TH
West Virginia Mountaineers batting - Pitching for Notre Dame Fighting Irish : RHP Kenny Nolan
Batting: LHB Paco Córdova 0-0: Ball
1-0: Ball
2-0: Called Strike
2-1: Ball
3-1: Fly out, F9 (Line Drive, 9LD)
Pitching: RHP Rubén Romano
Batting: RHB Víctor León 0-0: Ball
1-0: Foul Ball, location: 2F
1-1: Called Strike
1-2: Strikes out looking
Batting: SHB Karl Webster 0-0: Ground out 4-3 (Groundball, 4M)
Top of the 6th over - 0 run(s), 0 hit(s), 0 error(s), 0 left on base; West Virginia 1 - Notre Dame 6
BOTTOM OF THE 6TH
Notre Dame Fighting Irish batting - Pitching for West Virginia Mountaineers : RHP Paul McGowan
Batting: SHB Andre Keeler 0-0: Hit by Pitch
Batting: RHB Silas Small 0-0: Ball
1-0: Called Strike
1-1: Foul Ball, location: 2F
1-2: Foul Ball, location: 2F
1-2: Strikes out swinging
Batting: RHB Mike Thompson 0-0: Ball
1-0: Foul Ball, location: 2F
1-1: Swinging Strike
1-2: Grounds into double play, 4-6-3 (Groundball, 4)
Bottom of the 6th over - 0 run(s), 0 hit(s), 0 error(s), 0 left on base; West Virginia 1 - Notre Dame 6
TOP OF THE 7TH
West Virginia Mountaineers batting - Pitching for Notre Dame Fighting Irish : RHP Rubén Romano
Batting: RHB Alfonso Flores 0-0: Ball
1-0: Called Strike
1-1: Foul Ball, location: 2F
1-2: Fly out, F9 (Flyball, 9S)
Batting: RHB Dennis Kelly 0-0: Ball
1-0: SINGLE (Line Drive, 7LM)
Batting: RHB Ian Howard 0-0: Called Strike
0-1: Ball
Throwing error on steal attempt, E2
Dennis Kelly to third
1-1: Called Strike
1-2: Ball
2-2: Strikes out swinging
Batting: LHB Juan Franco 0-0: Called Strike
0-1: Ground out 6-3 (Groundball, 6)
Top of the 7th over - 0 run(s), 1 hit(s), 1 error(s), 1 left on base; West Virginia 1 - Notre Dame 6
BOTTOM OF THE 7TH
Notre Dame Fighting Irish batting - Pitching for West Virginia Mountaineers : RHP Paul McGowan
Batting: SHB Carlos Ramírez 0-0: Called Strike
0-1: Ball
1-1: Ball
2-1: Foul Ball, location: 2F
2-2: Ball
3-2: Foul Ball, location: 2F
3-2: Fly out, F7 (Line Drive, 7S)
Pitching: RHP John Jones
Batting: RHB Jorge Ortíz 0-0: Ball
1-0: Called Strike
1-1: Ground out 6-3 (Groundball, 6)
Batting: LHB Sam Knight 0-0: Ball
1-0: Ball
2-0: Ball
3-0: Called Strike
3-1: SINGLE (Line Drive, 7S)
Pitching: LHP Josh Fritz
Batting: RHB Fred McPhun 0-0: Foul Ball, location: 2F
0-1: Ball
1-1: Foul Ball, location: 2F
1-2: Ball
2-2: Foul Ball, location: 2F
2-2: Strikes out swinging
Bottom of the 7th over - 0 run(s), 1 hit(s), 0 error(s), 1 left on base; West Virginia 1 - Notre Dame 6
TOP OF THE 8TH
West Virginia Mountaineers batting - Pitching for Notre Dame Fighting Irish : RHP Rubén Romano
Batting: RHB Lee Scott 0-0: Ball
1-0: Foul Ball, location: 2F
1-1: Ball
2-1: Foul Ball, location: 2F
2-2: Fly out, F8 (Line Drive, 89M)
Batting: RHB Greg Smith 0-0: Called Strike
0-1: Ball
1-1: Ball
2-1: Called Strike
2-2: Fly out, F7 (Flyball, 7S)
Batting: LHB Paco Córdova 0-0: Swinging Strike
0-1: Ball
1-1: SINGLE (Line Drive, 4MD)
Batting: RHB Víctor León 0-0: Called Strike
0-1: Ball
1-1: Fly out, F6 (Popup, 6MD)
Top of the 8th over - 0 run(s), 1 hit(s), 0 error(s), 1 left on base; West Virginia 1 - Notre Dame 6
BOTTOM OF THE 8TH
Notre Dame Fighting Irish batting - Pitching for West Virginia Mountaineers : LHP Josh Fritz
Batting: LHB Matt Moore 0-0: Ground out 4-3 (Groundball, 4)
Batting: RHB Allen Miller 0-0: Ball
1-0: Foul Ball, location: 2F
1-1: Ball
2-1: Called Strike
2-2: Ground out 5-3 (Groundball, 56S)
Batting: SHB Andre Keeler 0-0: Called Strike
0-1: Swinging Strike
0-2: Ball
1-2: Foul Ball, location: 2F
1-2: Strikes out looking
Bottom of the 8th over - 0 run(s), 0 hit(s), 0 error(s), 0 left on base; West Virginia 1 - Notre Dame 6
TOP OF THE 9TH
West Virginia Mountaineers batting - Pitching for Notre Dame Fighting Irish : RHP Rubén Romano
Now at 1B: Larry Eiken
Now at 2B: Ramón García
Now in RF: Jackson Smith
Batting: SHB Karl Webster 0-0: Ball
1-0: Swinging Strike
1-1: Foul Ball, location: 2F
1-2: Strikes out looking
Batting: RHB Alfonso Flores 0-0: Ball
1-0: Foul Ball, location: 2F
1-1: Ball
2-1: Reached on error, E4 (Groundball, 34)
Batting: RHB Dennis Kelly 0-0: Called Strike
0-1: Ball
1-1: Called Strike
1-2: Strikes out swinging
Batting: RHB Ian Howard 0-0: Fly out, F7 (Flyball, 7LMF)
Top of the 9th over - 0 run(s), 0 hit(s), 1 error(s), 1 left on base; West Virginia 1 - Notre Dame 6
Thursday, March 30th, 2017 - OOTP Baseball 17.12 Build 75